 Dungeon Crawl Stone Soup version 0.27-a0-29-g2d0a2396b0 (webtiles) character file.

Game seed: 14096715515689309274

280780 sahdkjhfkaj the Nimble (level 20, -8/156 HPs)
             Began as a Tengu Conjurer on Jan 3, 2021.
             Was the Champion of Cheibriados.
             Shot with an arrow by a deep elf master archer (19 damage)
             ... on level 3 of the Elven Halls.
             The game lasted 01:31:21 (47653 turns).

sahdkjhfkaj the Nimble (Tengu Conjurer)            Turns: 47653, Time: 01:31:21

Health: -8/156     AC: 35    Str: 23    XL:     20   Next: 48%
Magic:  37/38      EV: 34    Int: 42    God:    Cheibriados [******]
Gold:   1198       SH:  8    Dex: 30    Spells: 2/46 levels left

rFire    + . .     SeeInvis .     - Unarmed
rCold    + . .     Faith    .   M - +0 buckler
rNeg     + . .     Spirit   .   (armour currently unavailable)
rPois    ∞         Reflect  .   y - +2 hat
rElec    +         Harm     .   E - +2 cloak {rPois}
rCorr    .         Rampage  .   (gloves currently unavailable)
Will     ++...                  (boots unavailable)
Stlth    +++.......             H - amulet "Adocets" {*Contam rC+ Will+ Regen+ Int+2}
HPRegen  0.76/turn              R - ring of wizardry
MPRegen  0.26/turn              l - ring of protection from fire

@: statue-form, flying quickly and evasively, very slow
A: beak, talons 3, able to fly
}: 2/15 runes: serpentine, barnacled
a: Stop Flying, End Transformation, Renounce Religion, Bend Time, Temporal
Distortion, Slouch, Step From Time


You were on level 3 of the Elven Halls.
You worshipped Cheibriados.
Cheibriados was exalted by your worship.
You were a stone statue.
You visited 7 branches of the dungeon, and saw 35 of its levels.
You visited the Abyss 1 time.
You also visited: Volcano.

You collected 4590 gold pieces.
You spent 3392 gold pieces at shops.

Inventory:

Armour
 g - a +2 robe of cold resistance (melded)
 y - a +2 hat (worn)
 E - a +2 cloak of poison resistance (worn)
 M - a +0 buckler (worn)
Jewellery
 l - a ring of protection from fire (right hand)
 H - the amulet "Adocets" (around neck) {*Contam rC+ Will+ Regen+ Int+2}
   (You found it on level 15 of the Dungeon)

   [amulet of regeneration]

   It affects your intelligence (+2).
   It protects you from cold.
   It affects your willpower, your defense against some magical effects.
   It causes magical contamination when unequipped.
   It increases your rate of regeneration.
 R - a ring of wizardry (left hand)
Wands
 i - a wand of disintegration (50)
 o - a wand of enslavement (34)
 z - a wand of flame (130)
 F - a wand of digging (6)
 I - a wand of paralysis (40)
 J - a wand of acid (5)
 Q - a wand of polymorph (26)
 S - a wand of iceblast (53)
Scrolls
 d - 17 scrolls of remove curse
 e - 12 scrolls of fog
 f - 10 scrolls of identify
 h - 2 scrolls of torment
 k - 17 scrolls of teleportation {!r}
 n - 7 scrolls of enchant armour
 p - 4 scrolls of fear
 r - 2 scrolls of silence {!r}
 t - 6 scrolls of immolation
 u - 3 scrolls of amnesia
 B - 2 scrolls of blinking
 N - 2 scrolls of vulnerability
 O - a scroll of noise
 P - a scroll of summoning {!r}
 V - 5 scrolls of magic mapping
Potions
 a - 3 potions of might
 b - 5 potions of brilliance
 c - 7 potions of resistance
 j - 6 potions of magic
 m - 10 potions of curing
 q - 7 potions of mutation
 s - a potion of heal wounds
 w - 2 potions of attraction
 x - 6 potions of invisibility
 D - 2 potions of ambrosia
 G - 6 potions of lignification
 L - 6 potions of cancellation
Miscellaneous
 C - a condenser vane
 K - a tin of tremorstones (2/2)


   Skills:
 - Level 11.0 Fighting
 - Level 14.0 Dodging
 - Level 2.0 Stealth
 - Level 8.0 Shields
 - Level 12.0 Unarmed Combat
 + Level 13.8 Spellcasting
 - Level 8.7 Conjurations
 - Level 3.2 Hexes
 - Level 7.0 Summonings
 - Level 5.0 Necromancy
 - Level 5.0 Translocations
 - Level 10.0 Transmutations
 - Level 3.0 Fire Magic
 - Level 11.0 Air Magic
 - Level 10.0 Earth Magic
 - Level 2.0 Poison Magic
 - Level 9.0 Invocations
 - Level 10.0 Evocations


You had 2 spell levels left.
You knew the following spells:

 Your Spells              Type           Power        Failure   Level
e - Summon Lightning Spi  Summ/Air       81%          1%          4
A - Blade Hands           Tmut           42%          1%          5
B - Blink                 Tloc           N/A          1%          2
D - Passage of Golubria   Tloc           N/A          1%          4
G - Malign Gateway        Summ/Tloc      34%          28%         7
H - Summon Horrible Thin  Summ           36%          80%         8
M - Conjure Ball Lightni  Conj/Air       42%          1%          6
S - Statue Form           Tmut/Erth      56%          1%          6
T - Wereblood             Tmut           85%          1%          2

Your spell library contained the following spells:

 Spells                   Type           Power        Failure   Level
 Beastly Appendage        Tmut           100%         0%          1
 Sandblast                Erth           100%         0%          1
 Shock                    Conj/Air       100%         0%          1
 Swiftness                Air            88%          0%          2
 Animate Skeleton         Necr           100%         1%          1
 Apportation              Tloc           100%         1%          1
 Corona                   Hex            60%          1%          1
 Foxfire                  Conj/Fire      100%         1%          1
 Magic Dart               Conj           100%         1%          1
 Summon Small Mammal      Summ           100%         1%          1
 Call Imp                 Summ           73%          1%          2
 Passwall                 Tmut/Erth      70%          1%          2
 Poisonous Vapours        Pois/Air       100%         1%          2
 Searing Ray              Conj           100%         1%          2
 Slow                     Hex            54%          1%          2
 Call Canine Familiar     Summ           73%          1%          3
 Confusing Touch          Hex            54%          1%          3
 Conjure Flame            Conj/Fire      67%          1%          3
 Dazzling Flash           Conj/Hex       100%         1%          3
 Gell's Gravitas          Tloc           31%          1%          3
 Ignite Poison            Fire/Tmut/Pois 63%          1%          3
 Mephitic Cloud           Conj/Pois/Air  74%          1%          3
 Spider Form              Tmut/Pois      34%          1%          3
 Static Discharge         Conj/Air       84%          1%          3
 Stone Arrow              Conj/Erth      100%         1%          3
 Summon Guardian Golem    Hex/Summ       64%          1%          3
 Airstrike                Air            44%          1%          4
 Fulminant Prism          Conj/Hex       34%          1%          4
 Ice Form                 Ice/Tmut       63%          1%          4
 Iskenderun's Mystic Bla  Conj/Tloc      72%          1%          4
 Leda's Liquefaction      Hex/Erth       35%          1%          4
 Petrify                  Tmut/Erth      85%          1%          4
 Summon Ice Beast         Ice/Summ       55%          1%          4
 Bolt of Magma            Conj/Fire/Erth 37%          1%          5
 Borgnjor's Vile Clutch   Necr/Erth      37%          1%          5
 Iskenderun's Battlesphe  Conj           80%          1%          5
 Lee's Rapid Deconstruct  Erth           42%          1%          5
 Lightning Bolt           Conj/Air       42%          1%          5
 Silence                  Hex/Air        36%          1%          5
 Summon Demon             Summ           36%          1%          5
 Yara's Violent Unravell  Hex/Tmut       35%          1%          5
 Iron Shot                Conj/Erth      41%          1%          6
 Freezing Cloud           Conj/Ice/Air   35%          4%          6
 Metabolic Englaciation   Hex/Ice        21%          6%          5
 Dragon Form              Tmut           42%          6%          7
 Invisibility             Hex            54%          17%         6
 Monstrous Menagerie      Summ           36%          21%         7
 Summon Greater Demon     Summ           36%          21%         7
 Tornado                  Air            44%          98%         9
 Shatter                  Erth           42%          99%         9


Dungeon Overview and Level Annotations

Branches:
Dungeon (15/15)            Temple (1/1) D:5            Lair (6/6) D:11
 Shoals (4/4) Lair:4        Snake (4/4) Lair:4        Slime (0/5) Lair:5
    Orc (2/2) D:9             Elf (3/3) Orc:2        Vaults (0/5) D:14
 Depths (0/5) D:15        Volcano (visited)

Altars:
Ashenzari
Cheibriados
Dithmenos
Elyvilon
Fedhas
Gozag
Hepliaklqana
Kikubaaqudgha
Makhleb
Nemelex Xobeh
Okawaru
Qazlal
Ru
Sif Muna
Trog
Uskayaw
Vehumet
Wu Jian
Xom
Yredelemnul
Zin
The Shining One
Beogh

Shops:
D:6 *   D:7 }   D:15 [*(   Orc:2 :?[(=   Elf:1 *   Elf:3 (   Shoals:1 =
Shoals:2 =

Portals:
Trove: D:14 (give 12 potions of heal wounds)

Annotations:
Snake:2 2 transporters
Elf:3 1 exclusion


Innate Abilities, Weirdness & Mutations

You have a beak for a mouth.
You have claws for feet.
You can fly continuously.


Message History

The damnation engulfs the deep elf high priest.
The deep elf master archer shoots an arrow.
You block the arrow.
The deep elf high priest invokes the aid of its god against you.
Something smites you!
* * * LOW HITPOINT WARNING * * *
The deep elf master archer shoots an arrow.
You block the arrow.
There is a stone staircase leading up here.
You see here 12 arrows.
Unknown command.
The deep elf master archer shoots an arrow.
The arrow hits you!
* * * LOW HITPOINT WARNING * * *
The deep elf high priest mumbles some strange prayers to its god against you.
Something smites you!
* * * LOW HITPOINT WARNING * * *
The deep elf master archer shoots an arrow.
The arrow hits you!!
You die...

#..'....(# #..()). #..'..(..#
#....(. ######..#(...(####
##.))(. ..[.....#.....#..##
#'#.). ........#######...##
#.#<..
...................##******#.#...
.................(..+,,,,,,..+...
...∩.......(......(##***,,,..#...
...............e8(## *,*#####..
..............((.## *.# ##.
'######.........##### #.# *# .#
###...........# #.# * .#
##............# #.# .#
#....e........# #.#
.######......)......# #.#
......'.............####.#
..#####.............'....#


You could see a deep elf master archer and a deep elf high priest.

Vanquished Creatures
  A bone dragon (Abyss:2)
  The ghost of Twinkles the Party-goer, a veteran VSFi of Uskayaw (Elf:3)
  Asterion (Elf:2)
  A deep elf blademaster (Elf:2)
  A tentacled starspawn (Abyss:2)
  A kraken (Shoals:2)
  Frances (Shoals:1)
  Polyphemus (Shoals:4)
  Kirke (Shoals:1)
  9 nagarajas
  Ilsuiw (Shoals:4)
  Roxanne (Shoals:2)
  A fire giant (D:15)
  Louise (Snake:3)
  Aizul (Snake:4)
  A deep elf elementalist (Elf:1)
  A lorocyproca (Abyss:2)
  A deep elf annihilator (Elf:3)
  A deep elf demonologist (Elf:2)
  Azrael (Orc:1)
  A merfolk javelineer (Shoals:4)
  Fannar (Lair:1)
  6 merfolk impalers
  14 naga warriors
  16 hydras
  Erolcha (Orc:2)
  A merfolk avatar (Shoals:4)
  4 merfolk aquamancers
  An alligator snapping turtle (Shoals:2)
  2 catoblepae
  A boulder beetle (D:15)
  4 centaur warriors
  5 two-headed ogres
  24 dancing weapons
  15 anacondas
  A satyr (Shoals:3)
  2 death knights
  5 death yaks
  Nergalle (Orc:2)
  Urug (Orc:2)
  8 shock serpents
  20 naga sharpshooters
  16 deep elf knights
  A skeletal warrior (D:13)
  A salamander mystic (Snake:2)
  A spatial maelstrom (Abyss:2)
  7 sea snakes
  2 unseen horrors
  3 phantasmal warriors (D:14)
  14 deep elf archers
  A wizard (D:14)
  9 naga ritualists
  44 deep elf magi
  17 harpies
  6 mana vipers
  2 lindwurms (Lair:6)
  10 fauns
  A moth of wrath (shapeshifter) (D:14)
  14 ugly things
  17 manticores
  10 orc sorcerers
  5 salamanders
  3 oklob plants
  2 cyclopes
  The ghost of TwistedFlax the Grappler, a novice TrMo of Makhleb (D:5)
  Maurice (D:9)
  20 elephants
  4 guardian serpents
  31 black mambas
  2 rust devils (Abyss:2)
  8 merfolk sirens
  A torpor snail (Lair:4)
  An apocalypse crab (Abyss:2)
  3 water nymphs
  24 naga magi
  16 cane toads
  8 komodo dragons
  A freezing wraith (D:13)
  5 yaktaurs
  11 rime drakes
  A rime drake (shapeshifter) (D:14)
  8 trolls
  3 meliai (D:14)
  18 merfolk
  18 polar bears
  3 wind drakes (Shoals:1)
  A raiju (shapeshifter) (D:13)
  5 raiju
  10 dream sheep
  4 large abominations (Abyss:2)
  10 slime creatures
  23 blink frogs
  2 centaur simulacra
  14 snapping turtles
  5 wraiths
  10 water elementals
  2 air elementals (Elf:1)
  8 redbacks (D:13)
  2 shadows (D:15)
  A human (Shoals:1)
  12 wyverns
  43 yaks
  Grum (D:8)
  A ynoxinul (Abyss:2)
  5 fire elementals
  11 basilisks
  2 vampire mosquitoes (D:13)
  7 wargs
  A soldier ant (D:12)
  32 nagas
  2 spatial vortices (Abyss:2)
  An acid dragon (D:12)
  15 water moccasins
  20 hell hounds
  11 starcursed masses (Abyss:2)
  12 ice beasts
  4 sky beasts
  3 phantoms
  16 orc warriors
  14 black bears
  An eye of draining (D:14)
  14 ogres
  A necrophage (D:9)
  24 wolves
  5 boggarts (D:15)
  17 centaurs
  23 bullfrogs
  3 big kobolds (D:9)
  3 gnoll sergeants
  A wyvern zombie (D:6)
  5 earth elementals
  4 scorpions
  2 wyvern skeletons (D:14)
  3 killer bees
  12 wights
  An electric eel (Lair:4)
  2 howler monkeys
  2 centaur zombies
  4 bullfrog zombies
  4 hounds
  34 orc wizards
  19 orc priests
  4 bullfrog skeletons
  3 jellies
  6 centaur skeletons
  Jessica (D:3)
  Natasha (thrice) (D:3)
  Terence (D:2)
  5 iguanas
  9 worker ants
  17 hell rats
  A bullfrog simulacrum (D:5)
  A hound zombie (D:7)
  A hound skeleton (D:6)
  2 worker ant zombies
  A howler monkey skeleton (D:11)
  10 adders
  21 gnolls
  12 river rats (Lair:3)
  A hound simulacrum (D:5)
  A shadow imp (D:5)
  6 white imps
  A worker ant simulacrum (D:5)
  4 ufetubi
  3 adder skeletons
  An adder zombie (D:5)
  4 worms
  4 dart slugs
  4 leopard geckos
  96 orcs
  7 bats
  4 giant cockroaches
  11 goblins
  5 hobgoblins (D:1)
  10 jackals
  10 kobolds
  10 quokkas
  5 ball pythons
  9 frilled lizards
  A giant cockroach simulacrum (D:5)
  A jackal zombie (D:6)
  A leopard gecko simulacrum (D:5)
  A quokka zombie (D:8)
  16 rats
  A tentacle (Shoals:2)
1345 creatures vanquished.

Vanquished Creatures (collateral kills)
  Nikola (Snake:4)
  A naga sharpshooter (Snake:4)
  A deep elf knight (Elf:1)
  A merfolk siren (Shoals:3)
  A black mamba (Snake:3)
  A naga mage (Snake:4)
  6 nagas
  A bullfrog (Lair:3)
  A wight (D:7)
14 creatures vanquished.

Vanquished Creatures (others)
  2 eldritch tentacles
  A hydra (Lair:3)
  2 harpies
  A water nymph (Shoals:4)
  3 humans (Shoals:1)
  3 fire elementals
  A naga (Snake:4)
  An orc warrior (D:7)
  2 orc priests (Orc:2)
  An orc wizard (Orc:2)
  An orc (Orc:2)
  12 ball lightnings
  25 fulminant prisms
  79 fungi
  191 plants
  4 starspawn tentacles (Abyss:2)
  4 tentacles (Shoals:2)
333 creatures vanquished.

Grand Total: 1692 creatures vanquished

Notes
Turn   | Place    | Note
-------+----------+-------------------------------------------
     0 | D:1      | sahdkjhfkaj the Tengu Conjurer began the quest for the Orb.
     0 | D:1      | Reached XP level 1. HP: 10/10 MP: 4/4
   186 | D:1      | Reached XP level 2. HP: 15/15 MP: 3/6
   218 | D:1      | Learned a level 2 spell: Searing Ray
   541 | D:1      | Reached XP level 3. HP: 19/19 MP: 0/7
  1550 | D:2      | Reached XP level 4. HP: 24/24 MP: 2/8
  1555 | D:2      | Learned a level 4 spell: Iskenderun's Mystic Blast
  1880 | D:2      | Found a stormy altar of Qazlal.
  1990 | D:2      | Noticed Terence
  2000 | D:2      | Killed Terence
  2390 | D:2      | Gained mutation: You can fly continuously. [Tengu growth]
  2390 | D:2      | Reached XP level 5. HP: 28/28 MP: 7/11
  3193 | D:3      | Noticed Natasha
  3257 | D:3      | Killed Natasha
  3412 | D:3      | Found a shimmering blue altar of Sif Muna.
  3455 | D:3      | Noticed Natasha
  3465 | D:3      | Killed Natasha
  3466 | D:3      | Reached XP level 6. HP: 32/32 MP: 2/13
  3598 | D:3      | Noticed Natasha
  3615 | D:3      | Killed Natasha
  3616 | D:3      | Reached skill level 5 in Spellcasting
  3784 | D:3      | Found a shadowy altar of Dithmenos.
  3828 | D:3      | Noticed Jessica
  3832 | D:3      | Killed Jessica
  4122 | D:4      | Reached skill level 1 in Evocations
  4421 | D:4      | Found a sparkling altar of Nemelex Xobeh.
  4469 | D:4      | Found a sacrificial altar of Ru.
  4473 | D:4      | Found a basalt altar of Yredelemnul.
  4505 | D:4      | Noticed a phantom
  4519 | D:4      | Killed a phantom
  4520 | D:4      | Reached skill level 1 in Invocations
  4520 | D:4      | Reached XP level 7. HP: 36/36 MP: 5/15
  4769 | D:5      | Entered Level 5 of the Dungeon
  4784 | D:5      | Reached skill level 3 in Dodging
  5649 | D:5      | Found a staircase to the Ecumenical Temple.
  5711 | Temple   | Entered the Ecumenical Temple
  5896 | Temple   | Became a worshipper of Cheibriados the Contemplative
  5939 | D:5      | Reached XP level 8. HP: 41/41 MP: 8/16
  6075 | D:5      | Found a runed translucent gate.
  6075 | D:5      | Found a runed translucent gate.
  6075 | D:5      | Found a runed translucent gate.
  6097 | D:5      | Noticed TwistedFlax's ghost (novice TrMo)
  6200 | D:5      | Found a hazy altar of Hepliaklqana.
  6427 | D:6      | Found an ancient bone altar of Kikubaaqudgha.
  6597 | D:6      | Got a slimy ring mail
  6607 | D:6      | Identified the cursed +1 ring mail of Repulsion {rC+ rCorr
                  | Str+4 Int-4} (You found it on level 6 of the Dungeon)
  6702 | D:6      | Found Savo's Assorted Antiques.
  6730 | D:6      | Reached skill level 5 in Evocations
  6848 | D:6      | Reached skill level 4 in Dodging
  7051 | D:6      | Reached * piety under Cheibriados
  7100 | D:6      | Got a twisted mace
  7100 | D:6      | Identified the +11 mace of Impatience {drain, rC+ MP+9
                  | Dex+2} (You found it on level 6 of the Dungeon)
  7262 | D:6      | Found a bloodstained altar of Trog.
  7320 | D:6      | Reached skill level 5 in Dodging
  7328 | D:6      | Reached skill level 1 in Transmutations
  7476 | D:6      | Reached XP level 9. HP: 44/45 MP: 16/17
  7510 | D:7      | Found Naudwul's Gadget Shop.
  8112 | D:7      | Reached ** piety under Cheibriados
  8746 | D:7      | Reached skill level 5 in Transmutations
  8883 | D:8      | Noticed Grum
  8894 | D:7      | Reached skill level 1 in Fire Magic
  8928 | D:7      | Reached skill level 1 in Fighting
  9115 | D:8      | Killed Grum
  9132 | D:8      | Reached skill level 5 in Invocations
  9326 | D:8      | Reached *** piety under Cheibriados
  9366 | D:8      | Reached XP level 10. HP: 50/53 MP: 18/18
  9908 | D:8      | Found a glowing golden altar of the Shining One.
  9981 | D:8      | Found a glowing silver altar of Zin.
 10276 | D:9      | Noticed Maurice
 10284 | D:9      | Killed Maurice
 10444 | D:9      | Reached **** piety under Cheibriados
 10778 | D:9      | Found a staircase to the Orcish Mines.
 10794 | D:9      | Reached skill level 5 in Fighting
 11160 | D:9      | Noticed a manticore
 11166 | D:9      | Killed a manticore
 11424 | D:9      | Reached XP level 11. HP: 57/63 MP: 15/19
 11539 | D:9      | Found a broken altar of Ashenzari.
 12026 | D:10     | Entered Level 10 of the Dungeon
 12764 | D:10     | Reached ***** piety under Cheibriados
 12923 | D:10     | Noticed a sea snake
 13339 | D:11     | Noticed a cyan ugly thing
 13807 | D:11     | Reached skill level 1 in Hexes
 13860 | D:11     | Learned a level 4 spell: Fulminant Prism
 14015 | D:11     | Found a staircase to the Lair.
 14017 | D:11     | Noticed a white ugly thing
 14022 | D:11     | Noticed a green ugly thing
 14022 | D:11     | Killed a white ugly thing
 14526 | Lair:1   | Entered Level 1 of the Lair of Beasts
 14589 | D:11     | Found a staircase to the Lair.
 14631 | D:11     | Killed a green ugly thing
 14633 | D:11     | Killed a green ugly thing
 14634 | D:11     | Reached skill level 6 in Dodging
 15165 | Lair:1   | Noticed Fannar
 15181 | Lair:1   | Reached skill level 7 in Dodging
 15187 | Lair:1   | Killed Fannar
 15188 | Lair:1   | Reached XP level 12. HP: 55/68 MP: 2/20
 15605 | Lair:1   | Reached skill level 10 in Transmutations
 15723 | Lair:1   | Noticed a seven-headed hydra
 15746 | Lair:1   | Killed a seven-headed hydra
 15970 | Lair:1   | Reached skill level 1 in Unarmed Combat
 16561 | Lair:1   | Noticed Sonja
 16562 | Lair:1   | Noticed Sonja
 16562 | Lair:1   | Sonja changed into Sonja the wolf
 16566 | Lair:1   | Killed Sonja the wolf
 16871 | Lair:1   | Reached skill level 5 in Unarmed Combat
 16876 | Lair:1   | Reached ****** piety under Cheibriados
 17120 | Lair:1   | Identified a scroll of acquirement
 17122 | Lair:1   | Acquired 626 gold pieces
 17160 | Lair:2   | Noticed a seven-headed hydra
 17164 | Lair:2   | Killed a seven-headed hydra
 18197 | Lair:2   | Noticed a seven-headed hydra
 18202 | Lair:2   | Killed a seven-headed hydra
 18203 | Lair:2   | Reached skill level 8 in Dodging
 18374 | Lair:2   | Found a shimmering altar of Xom.
 18562 | Lair:2   | Learned a level 4 spell: Summon Lightning Spire
 18626 | Lair:2   | Reached XP level 13. HP: 41/72 MP: 12/21
 18902 | Lair:2   | Reached skill level 9 in Dodging
 19308 | Lair:3   | Learned a level 3 spell: Conjure Flame
 19341 | Lair:3   | Reached skill level 10 in Dodging
 21373 | Lair:4   | Found a dark tunnel.
 21385 | Lair:4   | Learned a level 6 spell: Statue Form
 21395 | Volcano  | Entered a volcano
 21742 | Lair:4   | Found a staircase to the Snake Pit.
 22469 | Lair:4   | Found a staircase to the Shoals.
 22690 | Lair:5   | Reached skill level 10 in Unarmed Combat
 22787 | Lair:4   | Reached skill level 1 in Earth Magic
 24050 | Lair:5   | Found a staircase to the Slime Pits.
 24226 | Lair:6   | Entered Level 6 of the Lair of Beasts
 24237 | Lair:5   | Reached skill level 5 in Earth Magic
 24469 | Lair:5   | Reached XP level 14. HP: 75/80 MP: 17/22
 24831 | Lair:6   | Got a sparkling tin ring
 25328 | Lair:6   | Got a smoking steel amulet
 25827 | Lair:6   | Reached skill level 10 in Earth Magic
 25827 | Lair:6   | Reached skill level 1 in Air Magic
 25833 | Lair:6   | Reached skill level 1 in Poison Magic
 25995 | Lair:6   | Reached XP level 15. HP: 84/84 MP: 18/23
 26020 | Lair:6   | Reached skill level 11 in Dodging
 26955 | D:12     | Reached skill level 12 in Dodging
 27785 | D:13     | Learned a level 4 spell: Passage of Golubria
 27855 | D:13     | Identified the +2 flail of Defilement {vorpal, rN++ MP-9
                  | Dex+3 Stlth+}
 27939 | D:13     | Identified the amulet of Moodiness {Spirit rF+ rC+} (You
                  | found it on level 6 of the Lair of Beasts)
 27942 | D:13     | Identified the ring of Nuses {+Fly rPois Int+4} (You found
                  | it on level 6 of the Lair of Beasts)
 28689 | D:14     | Found a portal to a secret trove of treasure.
 28985 | D:14     | Found a gate to the Vaults.
 29761 | D:15     | Entered Level 15 of the Dungeon
 29961 | D:14     | Reached skill level 1 in Shields
 29961 | D:14     | Reached XP level 16. HP: 60/96 MP: 11/24
 30414 | D:15     | Found a staircase to the Depths.
 30530 | D:15     | Reached skill level 13 in Dodging
 30579 | D:15     | Got a fine crystal amulet
 30625 | D:15     | Identified the amulet "Adocets" {*Contam rC+ Will+ Regen+
                  | Int+2} (You found it on level 15 of the Dungeon)
 30823 | D:15     | Found Yhaimi's Weapon Shoppe.
 30855 | D:15     | Found Doreliuc's Assorted Antiques.
 30947 | D:15     | Found Olliuthre's Antique Armour Shoppe.
 31286 | Orc:1    | Entered Level 1 of the Orcish Mines
 31382 | Orc:1    | Reached skill level 10 in Fighting
 31519 | Orc:2    | Entered Level 2 of the Orcish Mines
 31519 | Orc:2    | Noticed Azrael
 31596 | Orc:1    | Killed Azrael
 31992 | Orc:2    | Found Myenot's Jewellery Shoppe.
 32000 | Orc:2    | Reached skill level 5 in Air Magic
 32275 | Orc:2    | Paralysed by an orc sorcerer for 6 turns
 32294 | Orc:2    | Found Duuruxei's Book Shoppe.
 32352 | Orc:2    | Found an ancient bone altar of Kikubaaqudgha.
 32354 | Orc:2    | Noticed Nergalle
 32362 | Orc:2    | Killed Nergalle
 32390 | Orc:2    | Paralysed by an orc sorcerer for 5 turns
 32578 | Orc:2    | Noticed Urug
 32586 | Orc:2    | Killed Urug
 32587 | Orc:2    | Reached skill level 1 in Summonings
 32636 | Orc:2    | Found a staircase to the Elven Halls.
 32712 | Orc:2    | Noticed Erolcha
 32716 | Orc:2    | Killed Erolcha
 32732 | Orc:2    | Found a radiant altar of Vehumet.
 32767 | Orc:2    | Found Keigovips's Antique Weapon Emporium.
 32833 | Orc:2    | Found a roughly hewn altar of Beogh.
 32833 | Orc:2    | Found Jourgh's Magic Scroll Emporium.
 32867 | Orc:2    | Found Nufateod's Antique Armour Shoppe.
 32919 | Orc:2    | Bought a scroll of identify for 24 gold pieces
 32919 | Orc:2    | Bought a scroll of fear for 42 gold pieces
 32919 | Orc:2    | Bought a scroll of immolation for 42 gold pieces
 32919 | Orc:2    | Bought a scroll of identify for 24 gold pieces
 32919 | Orc:2    | Bought a scroll of vulnerability for 90 gold pieces
 32919 | Orc:2    | Bought a scroll of teleportation for 36 gold pieces
 32919 | Orc:2    | Bought a scroll of teleportation for 36 gold pieces
 32919 | Orc:2    | Bought a scroll of fog for 24 gold pieces
 32919 | Orc:2    | Bought a scroll of identify for 24 gold pieces
 32919 | Orc:2    | Bought a scroll of summoning for 114 gold pieces
 32919 | Orc:2    | Bought 3 scrolls of teleportation for 108 gold pieces
 33088 | D:6      | Bought a scroll of enchant armour for 202 gold pieces
 33088 | D:6      | Bought a potion of curing for 81 gold pieces
 33239 | Orc:2    | Bought a Grand Grimoire for 1214 gold pieces
 33239 | Orc:2    | Bought a book of the Sky for 715 gold pieces
 33250 | Orc:2    | Learned a level 7 spell: Malign Gateway
 33468 | Snake:1  | Entered Level 1 of the Snake Pit
 33817 | Snake:1  | Reached skill level 5 in Summonings
 34297 | Snake:2  | You are sucked into a shaft and drop 1 floor!
 34543 | Snake:2  | Noticed a nagaraja
 34552 | Snake:2  | Killed a nagaraja
 34626 | Snake:2  | Reached XP level 17. HP: 102/102 MP: 25/29
 34727 | Snake:2  | Found a transporter.
 34836 | Snake:2  | Found a transporter.
 35448 | Snake:2  | Reached skill level 10 in Air Magic
 35999 | Snake:3  | Noticed Louise
 36016 | Snake:3  | Cast into level 2 of the Abyss (Louise)
 36031 | Abyss:2  | Noticed a kraken
 36122 | Abyss:2  | Paralysed by accursed screaming for 2 turns
 36137 | Abyss:2  | Acquired Unolu's Compendium of Mutagenic Combat Magic
 36199 | Abyss:2  | Found a corrupted altar of Lugonu.
 36754 | Abyss:2  | Noticed a tentacled starspawn
 36764 | Abyss:2  | Noticed a tentacled starspawn
 36771 | Abyss:2  | Noticed a bone dragon
 36780 | Abyss:2  | Killed a bone dragon
 36783 | Abyss:2  | Killed a tentacled starspawn
 36792 | Snake:3  | Escaped the Abyss
 36805 | Snake:3  | Killed Louise
 36806 | Snake:3  | Reached skill level 10 in Spellcasting
 36948 | Snake:3  | Learned a level 8 spell: Summon Horrible Things
 36955 | Snake:3  | Learned a level 6 spell: Conjure Ball Lightning
 36978 | Snake:3  | Found a sparkling altar of Nemelex Xobeh.
 37502 | Snake:4  | Entered Level 4 of the Snake Pit
 37700 | Snake:4  | Noticed Aizul
 37722 | Snake:4  | Reached skill level 1 in Translocations
 37732 | Snake:4  | Killed Aizul
 37746 | Snake:4  | Reached XP level 18. HP: 91/107 MP: 28/33
 38289 | Snake:4  | Noticed Nikola
 38298 | Snake:4  | Killed Nikola
 38444 | Snake:4  | Reached skill level 5 in Translocations
 38444 | Snake:4  | Reached skill level 1 in Necromancy
 38846 | Snake:4  | Reached skill level 5 in Necromancy
 39131 | Snake:4  | Got a serpentine rune of Zot
 39494 | Shoals:1 | Entered Level 1 of the Shoals
 39656 | Shoals:1 | Noticed Frances
 39665 | Shoals:1 | Killed Frances
 39774 | Shoals:1 | Found Qysaweoth's Jewellery Emporium.
 40052 | Shoals:1 | Noticed Kirke
 40058 | Shoals:1 | Killed Kirke
 40796 | Shoals:2 | Identified Roxanne's Compendium of the Salamander
 40796 | Shoals:2 | Noticed Roxanne
 40805 | Shoals:2 | Killed Roxanne
 40997 | Shoals:2 | Reached skill level 14 in Dodging
 41037 | Shoals:2 | Found Taged's Jewellery Boutique.
 41119 | Shoals:2 | Found the +9 scales of the Dragon King {rPois rF+ rC+
                  | Will+}
 41493 | Shoals:3 | Learned a level 2 spell: Blink
 41614 | Shoals:3 | Reached XP level 19. HP: 113/113 MP: 34/34
 42373 | Shoals:4 | Entered Level 4 of the Shoals
 42395 | Shoals:4 | Noticed Polyphemus
 42407 | Shoals:3 | Reached skill level 5 in Shields
 42761 | Shoals:4 | Noticed Ilsuiw
 42784 | Shoals:4 | Killed Polyphemus
 43722 | D:5      | Killed TwistedFlax's ghost
 44269 | Shoals:4 | Killed Ilsuiw
 44656 | Shoals:4 | Identified the Reference Book on the Rocks and Flight
 44737 | Shoals:4 | Got a barnacled rune of Zot
 45143 | Elf:1    | Entered Level 1 of the Elven Halls
 45251 | Elf:1    | Reached skill level 10 in Evocations
 45948 | Elf:1    | Found Jatiryo's Assorted Antiques.
 46051 | Elf:1    | Bought a scroll labelled PIM GOEWURE for 28 gold pieces
 46051 | Elf:1    | Bought a wand of iceblast (6) for 112 gold pieces
 46051 | Elf:1    | Bought a scroll of fog for 56 gold pieces
 46051 | Elf:1    | Bought a potion of heal wounds for 140 gold pieces
 46051 | Elf:1    | Bought a potion of resistance for 280 gold pieces
 46196 | Elf:2    | Found a runed translucent gate.
 46200 | Elf:2    | Found a runed translucent gate.
 46201 | Elf:2    | Found a runed translucent gate.
 46226 | Elf:2    | Reached XP level 20. HP: 120/120 MP: 36/36
 46340 | Elf:2    | Noticed Asterion
 46359 | Elf:2    | Killed Asterion
 46691 | Elf:2    | Learned a level 5 spell: Blade Hands
 46694 | Elf:2    | Learned a level 2 spell: Wereblood
 47024 | Elf:3    | Entered Level 3 of the Elven Halls
 47272 | Elf:3    | Found a shimmering blue altar of Sif Muna.
 47350 | Elf:3    | Found Yteeth's Antique Weapon Shoppe.
 47353 | Elf:3    | Found a runed translucent gate.
 47353 | Elf:3    | Found a runed translucent gate.
 47353 | Elf:3    | Found a runed translucent gate.
 47353 | Elf:3    | Noticed Twinkles's ghost (veteran VSFi)
 47382 | Elf:3    | Killed Twinkles's ghost
 47392 | Elf:3    | Identified the Disquisition on the Supportive Blaze
 47653 | Elf:3    | Shot with an arrow by a deep elf master archer

Illustrated notes

Levels and vault maps discovered:
D:1:      elethiomel_arrival_maze, layout_basic
D:2:      layout_basic, nicolae_qazlal_general_emergency, minivault_14,
          uniq_terence
D:3:      layout_loops_corners, led_sif_pool,
          nicolae_dithmenos_through_a_glass_darkly, uniq_jessica, uniq_natasha
D:4:      layout_rooms, lemuel_doored_altar, nemelex_xobeh_ov_fountains_minmay,
          kennysheep_mini
D:5:      layout_loops_ring, nzn_hepliaklqana_mist_gate, temple_doors_e,
          gammafunk_ghost_icy, minmay_misc_feat_x
D:6:      layout_basic, kennysheep_little_box, basic_altar, serial_shops,
          nicolae_shop_statue_plus, minmay_alternating_orb
D:7:      layout_rooms, serial_shops, shop, corner_web_ring,
          chequers_serial_rivers_large_a
D:8:      layout_basic, lemuel_coloured_pillars_altar, lemuel_crystal_altar,
          minmay_crossroads, uniq_grum
D:9:      layout_gridville, marbit_many_paths,
          kennysheep_orc_monster_closet_entryway, uniq_maurice
D:10:     layout_roguey, serial_aquarium, aquarium_bridge_straight
          [aquarium_subvault_bridge, aquarium_subvault_wall,
          aquarium_subvault_bridge, aquarium_subvault_wall],
          aquarium_bridge_square [aquarium_subvault_bridge,
          aquarium_subvault_bridge, aquarium_subvault_wall,
          aquarium_subvault_balcony], aquarium_window_3, aquarium_window_corner,
          aquarium_window_fake, aquarium_window_corner, aquarium_view_2a,
          aquarium_view_2a
D:11:     layout_cave_pools, due_lair_maze_entry_diamond
D:12:     layout_irregular_city
D:13:     layout_rooms, drop_trap
D:14:     layout_loops_ring, david_vaults_1, minmay_misc_feat_roman,
          nicolae_trove_entry_diagonal, nrook_guardian_serpent_ordinary
D:15:     grunt_enter_depths_giant_problem, layout_cross, serial_shops,
          nicolae_shop_stone, nicolae_shop_behind_doors,
          nicolae_shop_overgrown_old_shop, serial_rivers,
          chequers_serial_rivers_large_b, chequers_serial_rivers_small_3,
          chequers_serial_rivers_small_a, chequers_serial_rivers_marsh,
          minmay_fountain_box
Temple:   minmay_temple_curvy_loop
Lair:1:   layout_concentric_octagons, cheibrodos_lair_lostbears,
          grunt_megastairs_1, uniq_fannar, uniq_sonja
Lair:2:   layout_regular_city, basic_altar, minivault_11,
          infiniplex_staircase_pool, lemuel_fruit_fields
Lair:3:   lemuel_ratsnest, layout_cave_shapes, st_stairs_3
Lair:4:   layout_regular_city, elwin_shoals_entry_rooms,
          guppyfry_snake_entry_garden, enter_volcano_3
Lair:5:   layout_hall_layers, minmay_slime_entry_oklob_enclosed
Lair:6:   hangedman_lair_in_review, layout_misc_corridors,
          hangedman_lair_caniforms_friends, special_room
          [special_room_mythical_zoo]
Shoals:1: layout_shoals, serial_shops, shop_statue, uniq_kirke, uniq_frances
Shoals:2: layout_shoals, serial_shops, nicolae_shop_statue_plus, uniq_roxanne
Shoals:3: cheibrodos_shoals_oceanic_diplomacy, layout_shoals
Shoals:4: shoals_end_hangedman, layout_shoals, shoals_ilsuiw_ice,
          uniq_polyphemus
Snake:1:  nicolae_snake_nest, layout_misc_corridors, st_stairs_10,
          library_closet, grunt_ministairs_9
Snake:2:  gammafunk_its_a_trap, layout_chambers, nrook_loot_triangle
Snake:3:  layout_gridlike, basic_altar, grunt_megastairs_3, uniq_louise
Snake:4:  snake_pit, layout_chambers, uniq_nikola, uniq_aizul
Orc:1:    layout_caves
Orc:2:    kennysheep_orc_mage_school, layout_caves, serial_shops, shop,
          uniq_azrael, uniq_urug, uniq_erolcha
Elf:1:    layout_geoelf_octagon, serial_shops, shop, minivault_28
Elf:2:    layout_rooms, uniq_asterion
Elf:3:    minmay_elf_hall_furrowed, layout_gridlike, basic_altar,
          ebering_ghost_rock_garden, serial_shops, shop

Skill      XL: |  1  2  3  4  5  6  7  8  9 10 11 12 13 14 15 16 17 18 19 20 |
---------------+-------------------------------------------------------------+-----
Conjurations   | 6 7 8 |  8.7
Spellcasting   | 3 4 5 7 10 11 13 | 13.8
Evocations     | 3 5 9 10 | 10.0
Invocations    | 1 4 5 7 8 9 |  9.0
Dodging        | 3 5 7 8 10 12 13 14 | 14.0
Transmutations | 1 5 7 9 10 | 10.0
Fire Magic     | 2 3 |  3.0
Fighting       | 2 5 6 9 10 11 | 11.0
Hexes          | 2 3 |  3.2
Unarmed Combat | 8 10 12 | 12.0
Earth Magic    | 5 10 | 10.0
Air Magic      | 2 6 10 11 | 11.0
Poison Magic   | 2 |  2.0
Shields        | 1 4 8 |  8.0
Summonings     | 5 7 |  7.0
Translocations | 2 5 |  5.0
Necromancy     | 5 |  5.0
Stealth        | |  2.0

Action                   |  1- 3 |  4- 6 |  7- 9 | 10-12 | 13-15 | 16-18 | 19-21 || total
-------------------------+-------+-------+-------+-------+-------+-------+-------++-------
Melee: Short sword       |     3 |     3 |       |       |       |       |       ||     6
       Kick              |     1 |     1 |     2 |     2 |   286 |   495 |   271 ||  1058
       Dagger            |       |       |    10 |       |       |       |       ||    10
       Peck              |       |       |     2 |     3 |   189 |   294 |   161 ||   649
       Mace              |       |       |     3 |    10 |     8 |       |       ||    21
       Unarmed           |       |       |       |       |   608 |   956 |   553 ||  2117
       Punch             |       |       |       |       |    43 |    12 |       ||    55
 Cast: Magic Dart        |    65 |    96 |   179 |   276 |   119 |       |       ||   735
       Searing Ray       |     3 |    17 |    53 |   143 |    61 |       |       ||   277
       Iskenderun's Myst |       |       |       |    28 |    13 |       |       ||    41
       Fulminant Prism   |       |       |       |    12 |    13 |       |       ||    25
       Statue Form       |       |       |       |       |    87 |   122 |    72 ||   281
       Conjure Flame     |       |       |       |       |     4 |       |       ||     4
       Summon Lightning  |       |       |       |       |       |     9 |     3 ||    12
       Conjure Ball Ligh |       |       |       |       |       |     2 |     3 ||     5
       Malign Gateway    |       |       |       |       |       |     1 |     1 ||     2
Invok: Slouch            |       |       |       |     1 |     1 |     2 |       ||     4
 Abil: Fly               |       |     1 |       |       |       |     1 |     1 ||     3
       Stop Flying       |       |       |     1 |       |       |       |     1 ||     2
       End Transformatio |       |       |       |       |       |     1 |       ||     1
Evoke: Wand              |       |       |     2 |     3 |     6 |       |       ||    11
       Condenser vane    |       |       |       |       |     1 |     1 |       ||     2
  Use: Scroll            |       |     8 |     5 |    15 |    10 |    11 |     6 ||    55
       Potion            |       |       |       |     1 |     2 |     2 |       ||     5
 Stab: Distracted        |       |       |       |       |     1 |     3 |     1 ||     5
       Sleeping          |       |       |       |       |       |     2 |     3 ||     5
       Petrified         |       |       |       |       |       |       |     2 ||     2
Armor: Robe              |     4 |       |    18 |    33 |    27 |       |       ||    82
       Skin              |       |     2 |       |       |   306 |   464 |   311 ||  1083
Dodge: Dodged            |    12 |     6 |   114 |   243 |  1628 |  2310 |  1228 ||  5541
Block: Other             |       |       |    31 |    63 |   229 |       |       ||   323
       Reflection        |       |       |     3 |       |     7 |       |       ||    10
       Buckler           |       |       |       |       |       |   469 |   424 ||   893

Table legend: (Time is in decaauts)
 A = Elapsed time spent in this place.
 B = Non-inter-level travel time spent in this place.
 C = Inter-level travel time spent in this place.
 D = Time resting spent in this place.
 E = Time spent auto-exploring this place.
 F = Levels seen in this place.
 G = Mean time per level.
                   A        B        C        D        E       F      G
               +--------+--------+--------+--------+--------+-----+--------+
         Total |  72589 |  65512 |   7077 |   6932 |  46515 |  37 | 1961.9 |
       Dungeon |  27062 |  24467 |   2595 |   1693 |  18978 |  15 | 1804.1 |
        Temple |    202 |    169 |     33 |      0 |    157 |   1 |  202.0 |
          Lair |  17333 |  15676 |   1657 |   3004 |  10195 |   6 | 2888.8 |
        Shoals |   8836 |   7913 |    923 |    928 |   5409 |   4 | 2209.0 |
     Snake Pit |   9767 |   8895 |    872 |    344 |   6813 |   4 | 2441.8 |
  Orcish Mines |   3441 |   2580 |    861 |    130 |   1913 |   2 | 1720.5 |
   Elven Halls |   4680 |   4547 |    133 |    238 |   3037 |   3 | 1560.0 |
         Abyss |   1081 |   1081 |      0 |    514 |      0 |   1 | 1081.0 |
       Volcano |    184 |    184 |      0 |     80 |     10 |   1 |  184.0 |
               +--------+--------+--------+--------+--------+-----+--------+

Top non-repeatable levels by time:
  Lair:1: 3991 daAuts
 Snake:4: 3435 daAuts
    D:14: 3099 daAuts
  Lair:3: 2960 daAuts
  Lair:6: 2922 daAuts
Shoals:4: 2705 daAuts
  Lair:4: 2702 daAuts
 Snake:2: 2595 daAuts
  Lair:5: 2586 daAuts
    D:11: 2566 daAuts
    D:12: 2484 daAuts
     D:9: 2430 daAuts
Shoals:3: 2362 daAuts
   Orc:2: 2229 daAuts
Shoals:1: 2221 daAuts
